 Dungeon Sprint DCSS version 0.16-a0-3803-gd4b2de5 (console) character file.

249 Monkaria the Carver (level 6, -4/63 HPs)
             Began as a Hill Orc Fighter on Jan 26, 2015.
             Was a Believer of Makhleb.
             Slain by a trapdoor spider (12 damage)
             ... in the Dungeon (Sprint IX: "|||||||||||||||||||||||||||||").
             The game lasted 00:01:28 (345 turns).

Monkaria the Carver (Hill Orc Fighter)               Turns: 345, Time: 00:01:28

Health: -4/63      AC: 13    Str: 21    XL:     6   Next: 12%
Magic:  6/6        EV:  7    Int:  8    God:    Makhleb [**....]
Gold:   0          SH:  9    Dex: 10    Spells: 0 memorised, 5 levels left

rFire  . . .     SeeInvis .     p - +2 scimitar (flame)
rCold  . . .     Clarity  .     r - +1 chain mail
rNeg   . . .     SustAb   .     c - +0 shield
rPois  .         Gourm    .     (no helmet)
rElec  .         Spirit   .     q - +0 cloak
rCorr  .         Warding  .     (no gloves)
rMut   .         NoTele   +     (no boots)
MR     .....                    (no amulet)
Stlth  ..........               s - +2 ring of evasion
                                t - +2 ring of protection

@: invisible, not resistant to hostile enchantments, extremely unstealthy
A: no striking features
a: Minor Destruction, Renounce Religion


You were in the Dungeon.
You worshipped Makhleb.
Makhleb was pleased with you.
You were not hungry.

You visited 1 branch

Inventory:

Hand weapons
 p - a +2 scimitar of flaming (weapon)
Armour
 c - a +0 shield (worn)
 q - a +0 cloak (worn)
 r - a +1 chain mail (worn)
Jewellery
 s - a +2 ring of evasion (right hand)
 t - a +2 ring of protection (left hand)
Magical devices
 o - a wand of fire (7)
Scrolls
 k - 2 scrolls of blinking
 m - 3 scrolls of remove curse
 n - 2 scrolls of amnesia
Potions
 e - a potion of might
 f - 4 potions of curing
 h - a potion of haste
 i - 4 potions of magic
 j - a potion of berserk rage
Comestibles
 a - 2 chunks of flesh
 d - a meat ration


   Skills:
 - Level 9.0 Fighting
 * Level 11.1 Long Blades
 - Level 3.2 Armour
 - Level 3.2 Shields


You had 5 spell levels left.
You didn't know any spells.

Dungeon Overview and Level Annotations

Branches:
Dungeon (1/1)

Altars:
Cheibriados
Dithmenos
Elyvilon
Fedhas
Gozag
Kikubaaqudgha
Makhleb
Nemelex Xobeh
Okawaru
Qazlal
Ru
Sif Muna
Trog
Vehumet
Xom
Yredelemnul
Zin
The Shining One
Beogh
Jiyva
Lugonu


Message History

You are poisoned.
The trapdoor spider poisons you! The trapdoor spider barely misses you.
Your chain mail prevents you from hitting the trapdoor spider.
The trapdoor spider is heavily wounded.
You feel sick.
The trapdoor spider bites you but does no damage.
You barely miss the trapdoor spider.
The trapdoor spider is heavily wounded.
You feel sick. The trapdoor spider bites you!
* * * LOW HITPOINT WARNING * * *
You are more poisoned.
The trapdoor spider poisons you!
The trapdoor spider bites you but does no damage.
Drink which item? (? for menu, Esc to quit)
You feel better. The trapdoor spider bites you!
* * * LOW HITPOINT WARNING * * *
Drink which item? (? for menu, Esc to quit)
You fade into invisibility!
The trapdoor spider bites you!
You die...

▓.▓
▓.▓
▓)▓
▓'▓
▓)▓
▓.▓
▓.▓
▓.▓
▓@▓
▓s▓
▓+▓


You could see a trapdoor spider.

Vanquished Creatures
  An orc warrior (D)
  A killer bee (D)
  2 hounds (D)
  A worker ant (D)
  A giant mite (D)
  An adder skeleton (D)
  A bat (D)
  A hobgoblin (D)
  3 kobolds (D)
  A quokka (D)
  A giant gecko skeleton (D)
  A rat (D)
15 creatures vanquished.

Notes
Turn   | Place    | Note
--------------------------------------------------------------
     0 | D        | Monkaria, the Hill Orc Fighter, began the quest for the Orb.
     0 | D        | Reached XP level 1. HP: 19/19 MP: 1/1
     6 | D        | Reached skill level 4 in Fighting
    76 | D        | Noticed a hound
    76 | D        | Noticed a worker ant
    95 | D        | Reached XP level 2. HP: 15/28 MP: 2/2
   104 | D        | Killed a hound
   104 | D        | Reached skill level 7 in Fighting
   104 | D        | Reached XP level 3. HP: 25/39 MP: 3/3
   111 | D        | Killed a worker ant
   111 | D        | Reached skill level 8 in Fighting
   111 | D        | Reached XP level 4. HP: 31/49 MP: 4/4
   234 | D        | Found a glowing silver altar of Zin.
   234 | D        | Found a glowing golden altar of the Shining One.
   234 | D        | Found an ancient bone altar of Kikubaaqudgha.
   234 | D        | Found a basalt altar of Yredelemnul.
   234 | D        | Found a shimmering altar of Xom.
   234 | D        | Found a radiant altar of Vehumet.
   234 | D        | Found an iron altar of Okawaru.
   235 | D        | Found a burning altar of Makhleb.
   236 | D        | Found a deep blue altar of Sif Muna.
   237 | D        | Found a bloodstained altar of Trog.
   238 | D        | Found a sparkling altar of Nemelex Xobeh.
   239 | D        | Found a white marble altar of Elyvilon.
   240 | D        | Found a roughly hewn altar of Beogh.
   241 | D        | Found a viscous altar of Jiyva.
   242 | D        | Found a corrupted altar of Lugonu.
   243 | D        | Found a blossoming altar of Fedhas.
   244 | D        | Became a worshipper of Makhleb the Destroyer
   245 | D        | Found a snail-covered altar of Cheibriados.
   246 | D        | Found a shadowy altar of Dithmenos.
   247 | D        | Found a stormy altar of Qazlal.
   248 | D        | Found an opulent altar of Gozag.
   249 | D        | Found a sacrificial altar of Ru.
   299 | D        | Noticed an orc warrior
   299 | D        | Noticed a killer bee
   299 | D        | Noticed a hound
   300 | D        | Reached skill level 9 in Fighting
   316 | D        | Killed an orc warrior
   316 | D        | Acquired Makhleb's first power
   316 | D        | Reached XP level 5. HP: 5/57 MP: 5/5
   322 | D        | Killed a killer bee
   322 | D        | Reached skill level 10 in Long Blades
   330 | D        | Killed a hound
   330 | D        | Acquired Makhleb's second power
   330 | D        | Reached skill level 11 in Long Blades
   330 | D        | Reached XP level 6. HP: 30/63 MP: 6/6
   339 | D        | Noticed a trapdoor spider
   345 | D        | Slain by a trapdoor spider

Action                   |  1- 3 |  4- 6 || total
-------------------------+-------+-------++-------
Melee: Long sword        |    46 |     2 ||    48
       Scimitar          |       |    33 ||    33
  Use: Potion            |     1 |     4 ||     5
